[Event "7th Kings Tournament"]
[Site "Bucharest"]
[Date "2013.10.10"]
[Round "4"]
[White "Radjabov, Teimour"]
[Black "Nisipeanu, Liviu-Dieter"]
[Result "1/2-1/2"]
[ECO "E39"]
[WhiteElo "2723"]
[BlackElo "2674"]
[PlyCount "231"]
[EventDate "2013.??.??"]
[EventCountry "ROU"]
[TimeControl "40/7200:20/3600:900+30"]

1. d4 Nf6 2. c4 e6 3. Nc3 Bb4 4. Qc2 O-O 5. Nf3 c5 6. dxc5 Na6 7. g3 {A
variation played by Radjabov before: White is heading for a small,
long-lasting advantage.} Nxc5 8. Bg2 b6 ({The main continuation is} 8... Nce4
9. O-O Nxc3 10. bxc3 Be7 11. e4 d6 12. e5 dxe5 13. Nxe5 {which happened few
times in Radjabov's practice.}) 9. O-O Bb7 {[#]} 10. Nb5 {The weakness of
square d6 is one of Black's main problems in this variation and Radjabov is
trying to use it right away.} Nce4 (10... d6 $4 {would just lose the bishop
after} 11. a3) 11. Ng5 {The only way to fight for advantage.} ({Nothing brings
} 11. a3 Be7 12. Ng5 Nc5 13. b4 Bxg2 14. Kxg2 h6 $5 15. bxc5 hxg5 16. Bxg5 Rc8
17. cxb6 Qxb6 {with sufficient counterplay for Black.}) 11... d5 ({After} 11...
a6 12. Nxe4 Nxe4 13. Bxe4 Bxe4 14. Qxe4 axb5 15. cxb5 {White remains with an
extra pawn.}) 12. Rd1 ({Another tempting option looks} 12. a3 Be7 13. Nxe4 Nxe4
14. Bf4 {with the idea that if} a6 $2 {then White has} 15. Nc7 Rc8 16. Bxe4
dxe4 17. Rfd1 {winning.}) 12... Qe7 13. Nxe4 Nxe4 14. a3 {[#]} a6 {Black must
go for a more or less forced variation that ends with a pleasant edge for
White.} ({Worse is} 14... Bc5 15. Bxe4 dxe4 16. b4 a6 17. bxc5 axb5 18. cxb5
bxc5 (18... Qxc5 19. Qxc5 bxc5 20. Be3 {is also difficult for Black}) 19. a4 {
and White is clearly better.}) 15. axb4 axb5 16. Rxa8 Rxa8 17. cxd5 exd5 18.
Be3 {[#]  The kind of position White is happy to achieve in this opening
variation: his bishop pair secures White a stable advantage and basically the
draw is the most Black can dream of.} Rc8 19. Qb3 h6 20. Bxb6 Rc4 21. Bd4 {[#]}
Ng5 $1 {The knight goes to e6 in order to disturb the stability of White's
centralized bishop on d4.} (21... Rxb4 {runs into a highly unpleasant pin} 22.
Qa3 {and Black is in big troubles.}) ({and} 21... Qxb4 {leads to un unpleasant
endgame:} 22. Qxb4 (22. Qe3 $5) 22... Rxb4 23. Bxe4 dxe4 24. Bc3 Rc4 25. Rd8+
Kh7 26. Rd7 b4 27. Be5) 22. Qd3 ({The Azerbaijani GM wasn't willing to weaken
light squares with} 22. e3 {due to} Bc8 {"which can be unpleasant in the
approaching time-trouble" (Radjabov).}) 22... Ne6 23. Be5 ({Another option was
} 23. Bc3 d4 24. Bd2) 23... d4 (23... f6 $2 24. b3 $1) 24. b3 Rc3 25. Qxb5 Bxg2
26. Kxg2 Rxb3 27. Qd5 ({In case of} 27. Qb8+ Kh7 28. Bd6 Qd7 29. Qb6 Rb2 {the
activity of the rook secures Black sufficient compensation to keep the balance.
}) ({Also after} 27. Ra1 {Nisipeanu was going to continue with the active} Qg5
{(with the idea Qf5 and Ng5). Then for instance} 28. Qd5 $4 {would run into a
nice fork} Nf4+) 27... Rxb4 {[#]} (27... Qxb4 28. Bxd4 Nxd4 29. Rxd4 Qb7 {
leads to a theoretically drawish endgame, but Black still must defend it for a
long time and Nisipeanu wanted to avoid it.}) 28. Qa8+ ({White had at his
disposal the tricky move} 28. e3 $1 {with the idea that} dxe3 $2 {runs into}
29. Bd6) ({The immediate} 28. Bd6 {brings White nothing due to} Qb7) 28... Kh7
29. Qe4+ g6 30. Bxd4 Qd6 31. Qe5 (31. e3 {allows counterplay with} Ng5) 31...
Qxe5 32. Bxe5 Re4 33. Bc3 Rxe2 34. Rd7 {[#]} Rc2 $2 ({When finally the draw
was practically achieved, Nisipeanu had a hallucination. He panicked, thinking
that} 34... Kg8 {is impossible because of} 35. Rd8+ {with mate... As the
result the Romanian GM had to work for few more hours and another 82 moves
before reaching the draw.}) 35. Rxf7+ Kg8 36. Rf3 Ng5 37. Re3 Ne4 38. Be1 Nf6
39. Re7 {[#]  The endgame is unpleasant for Black, although with a precise
defense it must be a draw.} h5 40. h3 Nd5 41. Rd7 Nf6 42. Ra7 Ne4 43. Ra4 Nf6
44. Kf3 Kf7 45. Ra7+ Ke6 46. Ra6+ Kf7 47. Ra5 Ke6 48. Bb4 Ne4 $1 {If Black
exchanges the knight for the bishop there will be a relatively simple draw.}
49. Be1 {[#]} (49. Kxe4 Rc4+) 49... Nc5 ({Missing} 49... Rc1 $1 {and Black
achieves the task to exchange the minor pieces:} 50. Ra6+ (50. Bb4 Rc2) (50.
Ke2 Nc3+ 51. Kd2 Rd1+) 50... Kf7 51. Ba5 Ng5+ 52. Kg2 Ra1 {and White will have
to exchange the rooks soon, which is also a relatively simple draw.}) 50. Ke3
Rc4 51. f3 Nd7 52. Kd3 Rc6 53. Bc3 Nc5+ 54. Ke2 Ne4 55. Be1 Nd6 56. g4 hxg4 57.
hxg4 Nc4 58. Rg5 Kf6 59. Bh4 Re6+ 60. Kf2 Ne5 61. f4 Nc6 {[#]} 62. Rd5+ Kf7 63.
Kf3 Nb4 64. Rd7+ Ke8 65. Rd8+ Kf7 66. Bf2 Nc6 67. Rd5 Ne7 68. Rd7 Ke8 69. Rb7
Rc6 70. Bd4 Nd5 71. Kg3 Nc7 72. Be5 Ne6 73. g5 Ra6 74. Bf6 Kf8 {[#]} 75. f5
Nxg5 {Nisipeanu decides to give the knight right away and go for the
theoretically drawn endgame.} (75... gxf5 76. g6 {was White's idea and Black
will have to give the knight anyway.}) 76. Bxg5 gxf5 77. Kf4 Ke8 78. Kxf5 (78.
Re7+ Kf8 79. Kxf5 Ra5+ 80. Kf6 Ra6+ $1 $11 ({but not} 80... Rxg5 $4 81. Ra7 {
and White wins})) 78... Rd6 79. Rh7 Rd7 80. Rh8+ Kf7 {[#]  Black's main
defensive set-up.} 81. Bf6 Rd5+ 82. Be5 Rd7 83. Rh6 Ke8 84. Bd6 Rf7+ 85. Ke6 {
[#]} Re7+ $1 {The main idea of Black's defensive method. Radjabov tried for 30
more moves, but in vain: Nisipeanu defended precisely.} 86. Kd5 Rg7 87. Rf6 Rf7
88. Re6+ Kd7 89. Rh6 Rf5+ 90. Be5 Rf7 91. Rb6 Ke8 92. Bf6 Rd7+ 93. Ke6 Re7+ 94.
Kf5 Rc7 95. Rd6 Rd7 96. Re6+ Kf7 97. Be5 Rd5 98. Rh6 Rd7 99. Bd6 Ke8 100. Rh8+
Kf7 101. Ke5 Kg6 102. Ke6 Rf7 {[#]} 103. Rg8+ (103. Be5 {leads to a similar
stalemate idea:} Rf6+ $1 {chasing away opponent's king.}) 103... Rg7 104. Rf8
Kg5 105. Rf1 Rg6+ 106. Ke5 Kg4 107. Bc5 Rg5+ 108. Kd4 Rf5 109. Rg1+ Kf3 110.
Bd6 Kf2 111. Rg4 Ra5 112. Bb4 Kf3 113. Rh4 Rg5 114. Rf4+ Kxf4 115. Bd2+ Kf3
116. Bxg5 {[#]} 1/2-1/2

[Event "7th Kings Tournament"]
[Site "Bucharest"]
[Date "2013.10.12"]
[Round "6"]
[White "Caruana, Fabiano"]
[Black "Nisipeanu, Liviu-Dieter"]
[Result "1/2-1/2"]
[ECO "E08"]
[WhiteElo "2779"]
[BlackElo "2674"]
[PlyCount "88"]
[EventDate "2013.??.??"]
[EventCountry "ROU"]
[TimeControl "40/7200:20/3600:900+30"]

{The sixth round of Kings Tournament had two balanced games that finished in
draws. In both Caruana-Nisipeanu and Ponomariov-Radjabov Black didn’t have
opening problems and at some moment even took over the initiative, but in
neither of them did White have any problems to achieve the draw. Thus the
standings didn’t change: Caruana is leading with a “plus two” score,
followed by Ponomariov and Nisipeanu on 50 per cent. Radjabov and Wang Hao
have “minus one”.} 1. d4 d5 2. c4 e6 3. Nf3 Nf6 4. g3 Bb4+ 5. Bd2 Be7 6.
Bg2 O-O 7. O-O c6 8. Qc2 Nbd7 9. Bf4 b6 10. Rd1 Bb7 {[#]} 11. Ne5 {This move
became popular only in the past two years and Caruana already played it few
times. The main line is considered to be} (11. Nc3) 11... Nh5 12. Bd2 Nhf6 13.
cxd5 cxd5 14. Nc6 Bxc6 15. Qxc6 {[#]  A position with a long strategic battle
ahead. On the long run White hopes to use his bishop's pair, which is not an
easy task, since Black's position is very solid. His only weaknesses are
created by the pawn on b6 instead of b7, but White has no way to use this
factor directly.} Rc8 (15... Qb8 16. Qc2 b5 17. Qd3 {was slightly better for
White in Caruana,F (2757)-Gelfand,B (2740) Zuerich 2013.}) 16. Qb5 (16. Qa4 Nb8
17. Be1 a6 18. Qb3 Nc6 19. Qd3 b5 20. a4 bxa4 21. Nc3 a5 22. e3 Bb4 23. Rxa4
Qe7 24. Raa1 h6 25. Qa6 Nb8 26. Qe2 Rc7 27. Na4 Nc6 28. Nc3 Nb8 29. Na4 Nc6 30.
Nc3 {½-½ Gelfand,B (2739)-Kramnik,V (2790) Moscow 2010}) 16... Ne8 17. Qd3
Nd6 18. b3 Nf6 (18... f5 19. f3 Nb8 20. Nc3 Nc6 21. e3 Bf6 {Caruana,F (2757)
-Adams,M (2725) Baden-Baden 2013.}) 19. Nc3 Qd7 20. f3 Nf5 21. e3 {[#]} h5 {
Nisipeanu does not wish to wait passively and let his opponent slowly improve
the position. Instead, the Romanian GM gains space on the kingside in order to
secure some squares for his knights and eventually prevent White to expand
there.} ({A passive strategy was fatal for Black in the following game:} 21...
Rfd8 22. Ne2 Qc7 23. Rac1 Qd7 24. Rxc8 Qxc8 25. Rc1 Qd7 26. a4 Ba3 27. Rc2 a5
28. Qa6 Rb8 29. Nf4 Bd6 30. Nd3 Ne7 31. Bf1 h6 32. Ne5 Qd8 33. Nc6 Nxc6 34.
Rxc6 Ne8 35. Kg2 Ba3 36. Bd3 Nc7 37. Qa7 Ne8 38. Be1 {and the Italian
converted his advantage into a full point in Caruana,F (2796)-Yu,Y (2662)
Tromso 2013.}) 22. Ne2 Rfd8 {[#]} 23. Rac1 {An inaccuracy according to the
players.} ({Better is} 23. a4 {after which Black continues} a5) 23... a5 24.
Rxc8 Rxc8 25. Rc1 {The second inaccuracy leads to a very comfortable position
for Black.} Rxc1+ 26. Bxc1 {[#]} g5 $1 {Nisipeanu continues the same strategy
of getting space on the kingside and fight for the important square e4. As
long as the center remains closed Black can allow himself playing such
advances on the kingside.} 27. Bd2 (27. e4 dxe4 28. fxe4 Nxd4 $1 29. Nxd4 Bc5 {
works fine for Black.} (29... e5 30. Bxg5)) ({Slightly better than the game is
} 27. h3 g4 ({Nisipeanu considered to play} 27... Qc7 $5 28. g4 hxg4 29. hxg4
Nh4) 28. hxg4 hxg4 29. fxg4 Nxg4 30. e4 dxe4 31. Bxe4) 27... g4 28. Be1 Bf8 {
[#]  Black has achieved a very comfortable position, which Nisipeanu evaluated
in his favour. Nevertheless, White is basically almost always out of real
danger and the balance in the game was never broken.} 29. h3 Bh6 30. Bf2 Qc7 {
[#]} ({As indicated by Nisipeanu after the game, Black could keep the pressure
with} 30... Nd6 {in order to prevent the advance e3-e4.}) 31. e4 {Forces the
matters and leads almost by force to a draw.} gxf3 32. Bxf3 dxe4 33. Bxe4 Nxe4
34. Qxe4 Ne7 35. Qh4 Nd5 (35... Qc2 36. Qxe7 Qxe2 37. Qf6 $11) 36. Qxh5 Qc2 37.
Qxh6 Qxe2 38. Qg5+ Kh7 {[#]} 39. a4 Qd1+ 40. Kg2 Qxb3 41. Qh5+ Kg8 42. Qg5+ Kh7
43. Qh5+ Kg8 44. Qg5+ Kh7 1/2-1/2

[Event "7th Kings Tournament"]
[Site "Bucharest"]
[Date "2013.10.12"]
[Round "6"]
[White "Ponomariov, Ruslan"]
[Black "Radjabov, Teimour"]
[Result "1/2-1/2"]
[ECO "B30"]
[WhiteElo "2751"]
[BlackElo "2723"]
[PlyCount "108"]
[EventDate "2013.??.??"]
[EventCountry "ROU"]
[TimeControl "40/7200:20/3600:900+30"]

1. e4 c5 2. Nf3 Nc6 3. Bb5 e6 4. O-O Nge7 5. Re1 ({Another plan is} 5. c3) ({
Yesterday Caruaa won against Radjabov by playing} 5. d4 {but the result wasn't
due to the opening outcome.}) 5... a6 6. Bxc6 bxc6 {[#]} ({Much more often
Black recaptures with the knight on c6 -} 6... Nxc6 {However, Radjabov's 6...
bxc6 is rather typical as well: Black has a compact pawn mass in the center
and would like to keep the knight closer to his king.}) 7. d4 {Amazingly,
nobody played this move before.} (7. e5 Ng6 8. b3 Be7 9. c3 O-O 10. d4 cxd4 11.
cxd4 c5 12. Ba3 cxd4 13. Bxe7 Qxe7 14. Qxd4 Bb7 15. Nbd2 f6 {happened in
Kamsky,G (2741)-Radjabov,T (2793) Zug 2013.}) (7. c3 {now is less dangerous
for Black in view of} Ng6 8. d4 d5 {and the knight is well placed on g6.}) ({
Another important option for White is} 7. b3) 7... cxd4 8. Qxd4 Ng6 9. Be3 d6
10. Nbd2 e5 11. Qd3 Be7 12. Nc4 Bg4 13. Rad1 {[#]} O-O $1 (13... Bxf3 14. Bb6
$1 Bxe4 15. Rxe4 Qb8 16. Nxd6+ Bxd6 17. Qxd6 {and Black cannot take on b6
becaue of} Qxb6 18. Rb4 {(Ponomariov)}) 14. Nxd6 Bxd6 (14... Bxf3 15. gxf3 Nh4
16. Rf1 (16. Nf5 Nxf3+ 17. Kf1 Nxe1 18. Qe2 Qe8 19. Bh6) 16... Nxf3+ 17. Kg2 (
17. Kh1 Bxd6 18. Qxd6 Qh4) 17... Nh4+ 18. Kh1 g6 19. Bh6) 15. Qxd6 Qc8 {[#] 
"Somehow I made all logical moves and then suddenly White was worse", said
Ponomariov after the game.} 16. Qd3 ({The only way for White to keep some
advantage was} 16. Rd3 Bxf3 17. gxf3 Qh3 18. Qd7 $1 f5 (18... Qxf3 $2 19. Bc5)
19. Bg5 $1 Qh5 (19... h6 20. f4 Qh5 21. exf5) 20. h4 {but this is easier to
advice than to play in a practical game. White's idea is} Nxh4 (20... h6 21.
exf5 Nxh4 22. Bxh4 Qxh4 23. Re4) 21. Qe6+ Kh8 22. Bxh4 Qxh4 23. Qxe5 Rae8 24.
Qg3 {and in spite of the exposed position of white king it is difficult for
Black to create threats.}) 16... Bxf3 17. gxf3 Qh3 {Now Black has some
advantage, although with accurate play White can defend successfully, and this
is what happened in the game.} 18. Qf1 Qxf3 19. Rd3 Rfd8 20. Bg5 (20. Qg2 $2
Nh4) 20... Rxd3 21. Qxd3 Qh5 22. Qg3 h6 23. Be3 Nh4 24. Kh1 Rd8 (24... Nf3 25.
Bxh6 g6 26. Re3 Nd2 27. Qg5 Qd1+ 28. Qg1 Qh5 (28... Qxc2 $2 29. Re2) 29. Qg5
$11) 25. Rg1 {[#]} Qf3+ (25... g5 26. h3 Qf3+ 27. Qxf3 Nxf3 28. Rc1 f5 29. exf5
e4 {was suggested by Ponomariov after the game as a possible plan for Black,
but the players agreed that White has nothing to fear after} 30. c4 Kf7 31. b4
Kf6 32. a4 Rb8 33. Rb1) 26. Qxf3 Nxf3 27. Rc1 Ng5 28. Bxg5 ({More precise was} 
28. Re1 f6 ({After the game Radjabov showed that with White's help Black has a
nice mate:} 28... Nf3 29. Re2 g5 30. Kg2 g4 31. Kg3 $4 h5 32. h3 Rd1 $1 33.
hxg4 Rg1+ 34. Kxf3 hxg4# {[#]}) (28... Nxe4 29. Bb6 Rb8 30. Ba7) 29. Kg2 $11)
28... hxg5 29. Kg2 g4 {[#]  Black has some advantage thanks to his control
over the d-file, but White achieves a draw rather easily.} 30. h3 $15 gxh3+ 31.
Kxh3 Rd4 32. f3 Rd2 33. b4 g6 ({Coming with the king to the center is also an
easy draw:} 33... Kf8 34. a4 Ke7 35. b5 axb5 36. axb5 cxb5 37. Rb1 Rxc2 38.
Rxb5) 34. a4 Kg7 35. b5 cxb5 36. axb5 axb5 37. Rb1 f5 38. Rxb5 Kf6 39. Rb6+ Kg5
40. Re6 Kf4 41. Rxg6 fxe4 42. fxe4 Rxc2 43. Re6 Re2 44. Re8 Kxe4 45. Kg3 Kd3
46. Ra8 Rc2 47. Ra3+ Rc3 48. Ra2 Ke3 49. Kg2 e4 50. Kg3 Rd3 51. Kg4 Rc3 52. Kg3
Rc8 53. Ra3+ Kd4 54. Kf2 Rc2+ 1/2-1/2

[Event "7th Kings Tournament"]
[Site "Bucharest"]
[Date "2013.10.11"]
[Round "5"]
[White "Caruana, Fabiano"]
[Black "Radjabov, Teimour"]
[Result "1-0"]
[ECO "B30"]
[WhiteElo "2779"]
[BlackElo "2723"]
[PlyCount "61"]
[EventDate "2013.??.??"]
[EventCountry "ROU"]
[TimeControl "40/7200:20/3600:900+30"]

{Today Caruana increased his lead by beating with the White pieces Radjabov.
The opening looked very okay for Back, but the Azerbaijani GM overestimated
his position and gave up a pawn for attacking prospects. Caruana took the pawn
and prepared for defense, when suddenly Radjabov miscalculated something and
wrongly sacrificed the rook, only to resign few moves later.  In
Ponomariov-Wang Hao the players displayed another Petrov’s Defense. After a
strong novelty by Ponomariov White quickly got a slightly more pleasant rook
endgame, which might have been extremely unpleasant for Wang Hao, had the
Ukrainian GM started to advance his passed pawn. Having missed this
opportunity White got no more chances to play for a win and the draw was
agreed on move 47.} 1. e4 c5 2. Nf3 Nc6 3. Bb5 {No Open Sicilian (3.d4) today.
Radjabov is a renowned specialist of a Sveshnikov Sicilian - an opening with a
lot of theory, which forced even the World Champion Anand to put aside 3.d4 in
favour of 3.Bb5 during the 2012 World Championship match.} e6 4. O-O Nge7 5. d4
cxd4 6. Nxd4 Ng6 ({Less than two weeks ago Caruana won a highly important game
versus Gelfand in the Paris Grand Prix tournament. Gelfand played} 6... Qb6 {
and lost after a long and complicated middlegame fight.}) 7. Be3 Be7 {[#]} 8.
Be2 {This is a new move. Caruana was heading for a Maroczy pawn structure 
(pawns on c4 and e4).} ({After the immediate} 8. c4 {the bishop on b5 looks
misplaced.}) 8... O-O 9. c4 Nxd4 10. Qxd4 Bf6 {"I underestimated the plan with
Be7-f6", said Caruana after the game. "Now Black has a good game", continued
the Italian GM.} 11. Qd2 b6 12. Nc3 Bb7 13. f3 {After the game Caruana was
somewhat skeptical about this move and suggested as a possible improvement for
White 13.Bd3 in order to keep the possibility to play f2-f4.} Qe7 {[#]} 14. a4
{The hidden idea of this move was to be able to protect the bishop on e3 if
Black plays d5.} ({Caruana rejected} 14. Rfd1 {in view of} d5 15. cxd5 Bxc3 16.
Qxc3 exd5 17. exd5 Rfe8) 14... Rad8 ({The idea of White's previous move can be
seen in the following variation:} 14... d5 15. cxd5 Bxc3 16. Qxc3 exd5 17. exd5
Rfe8 18. Ra3) 15. Ra3 Be5 16. a5 {[#]  The critical moment according to
Caruana.} f5 $6 {This aggressive move allows White to create a permanent
weakness in Black's structure - the pawn on b6.} ({Black should be doing fine
after} 16... bxa5) 17. axb6 axb6 18. exf5 (18. Bxb6 {is too early in view of}
Qh4 {and if} 19. h3 $2 {then} Qg3) 18... Rxf5 19. Bd3 Rh5 20. h3 Bb8 {[#]} (
20... Nh4 21. Be4 $14) 21. Bxg6 hxg6 22. Bxb6 {Black has compensation for the
sacrificed pawn thanks to his bishop pair and some attacking prospects, but
objectively it is pprobably not entirely enough and White's chances are
preferable.} Rf8 23. Ne2 {An important resource to cover the weakened squares
f4 and g3.} Rh4 ({Another option to play for compensation was indicated by
Caruana after the game:} 23... d5 24. c5 (24. cxd5 $2 Qd6) 24... e5) 24. Qd3
Kh7 $6 25. Bf2 {[#]} Rxh3 $2 {Something went wrong in Radjabov's calculations.
Black must have retreated the rook, although there is no attack any longer and
White would have had a clear advantage. However, the move in the game just
loses.} 26. gxh3 Qg5+ 27. Kh1 Rxf3 (27... Qh5 28. Kg2 $1 $18) 28. Qxf3 Qe5 ({or
} 28... Bxf3+ 29. Rxf3 {with a large advantage for White.}) 29. Bg3 $1 {[#]}
Qxe2 $2 ({After the most stubborn} 29... Qxb2 30. Bxb8 Bxf3+ 31. Raxf3 Qxb8 {
Black could have put up a long resistance, even if his position is objectively
lost.}) 30. Qxb7 Qxf1+ 31. Kh2 {Radjabov resigned due to} (31. Kh2 Qf2+ 32. Qg2
{and White remains with a rook up.}) 1-0

[Event "7th Kings Tournament"]
[Site "Bucharest"]
[Date "2013.10.11"]
[Round "5"]
[White "Ponomariov, Ruslan"]
[Black "Wang, Hao"]
[Result "1/2-1/2"]
[ECO "C42"]
[WhiteElo "2751"]
[BlackElo "2733"]
[PlyCount "93"]
[EventDate "2013.??.??"]
[EventCountry "ROU"]
[TimeControl "40/7200:20/3600:900+30"]

1. e4 e5 2. Nf3 Nf6 {The Petrov's Defense is no longer a surprise in this
year's edition of Kings Tournament.} 3. Nxe5 d6 4. Nf3 Nxe4 5. Nc3 Nxc3 6. dxc3
Be7 7. Be3 Nc6 8. Qd2 Be6 9. O-O-O Qd7 10. h4 h6 11. Kb1 Bf6 12. Nd4 Nxd4 13.
Bxd4 Bxd4 14. Qxd4 O-O 15. Be2 (15. Rg1 Rae8 16. g4 Qc6 17. Bg2 Qa6 18. b3 Bd7
19. g5 h5 20. g6 Re7 21. Bd5 Be6 22. Rde1 c5 23. Qd1 Rfe8 24. Qxh5 fxg6 25.
Rxe6 {1-0 (25) Caruana,F (2652)-Landa,K (2664) Reggio Emilia 2010}) 15... Rae8
16. Bf3 b6 17. g4 Qb5 {[#]} 18. g5 {A logical novelty.} (18. Qd2 f6 19. Rhe1
Bf7 20. Be4 d5 21. Bd3 Qa5 22. Rxe8 Rxe8 23. b3 Qc5 24. h5 Kf8 25. Kb2 d4 26.
Bf5 dxc3+ 27. Qxc3 Qxc3+ 28. Kxc3 a5 {was equal and ended with a draw in (44)
Ni Hua (2657)-Giri,A (2588) Wijk aan Zee 2010.}) 18... Qc4 {A logical answer
by Wang Hao. Without queens White's kingside attack is obviously less
dangerous for Black.} 19. gxh6 {White is forced to trade queens, since the
pawn a2 was under attack.} Qxd4 20. Rxd4 gxh6 21. Bc6 Rd8 22. Ra4 a5 23. b4
axb4 24. cxb4 Bd7 25. Bxd7 Rxd7 26. Re1 Kg7 {[#]  In the future White has the
possibility to create a passed a-pawn and therefore the endgame is not so
simple for Black, who needs to play carefully in order to reach the draw.} 27.
Kb2 Kg6 28. Ra3 (28. h5+ Kxh5 29. Rg1 {with the idea Ra3-h3 mate is refuted by}
Re8 {(or Re7)} 30. Ra3 Re4 31. Rh3+ Rh4) 28... Kh5 {"Too optimistic" (Wang Hao)
.} 29. Rg3 {[#]} f5 $2 ({Correct is} 29... c5) 30. Re6 $1 {Now Black is really
walking on the edge.} b5 31. Kb3 f4 32. Rgg6 Rh7 33. f3 Rf5 34. c4 bxc4+ ({
Probably better is} 34... Re5 35. cxb5 Re3+ 36. Kc4 Ra3 (36... Kxh4 $2 37. Rxe3
fxe3 38. Kd3 {must be winning for White})) 35. Kxc4 Re5 36. Ref6 $1 Kxh4 {[#] 
Here and on the next move White should have pushed the a-pawn and only the
deep analysis can show if Black is able to defend.} (36... Re3 37. Rg4 Rxf3 38.
Rgxf4 Rh3 39. a4 {is also difficult for Black.}) 37. Rxf4+ (37. a4 Rg5 38.
Rxf4+ Kg3 39. Rg4+ $1 Kxf3 40. R4xg5 hxg5 41. Rxg5 $16) 37... Kh3 38. Rfg4 ({
Again} 38. a4 {would have been highly unpleasant for Black:}) 38... h5 {Now
Black is out of real danger.} 39. Rg3+ Kh2 40. Rg2+ Kh1 41. Rg1+ Kh2 42. R6g2+
Kh3 {[#]} 43. Rg7 Rxg7 44. Rxg7 Re3 45. a4 (45. Rxc7 Ra3 $1) 45... Ra3 46. Kb5
c5 47. bxc5 1/2-1/2